 Dungeon Crawl Stone Soup version 0.16.1-7-g2c6721e (console) character file.

3192 Monkaria the Carver (level 9, 0/79 HPs)
             Began as a Minotaur Skald on Mar 29, 2015.
             Was a Priest of Nemelex Xobeh.
             Slain by an iguana (2 damage)
             ... on level 7 of the Dungeon.
             The game lasted 00:11:43 (6475 turns).

Monkaria the Carver (Minotaur Skald)                Turns: 6475, Time: 00:11:44

Health: 0/79       AC:  6    Str: 20    XL:     9   Next: 64%
Magic:  0/7        EV: 11    Int: 16    God:    Nemelex Xobeh [***...]
Gold:   387        SH:  0    Dex: 10    Spells: 1 memorised, 9 levels left

rFire  . . .     SeeInvis .     a - +2 scimitar (freeze)
rCold  . . .     Clarity  .     b - +0 leather armour
rNeg   . . .     SustAb   .     (no shield)
rPois  .         Gourm    .     (helmet restricted)
rElec  .         Spirit   +     (no cloak)
rCorr  .         Warding  .     x - +0 pair of gloves
rMut   .         Rnd*Tele +     f - +1 pair of boots
MR     .....                    g - amulet of guardian spirit
Stlth  +.........               (no ring)
                                (no ring)

@: brilliant, about to teleport, not resistant to hostile enchantments, very
unstealthy
A: retaliatory headbutt, horns 2, clever 1, teleportitis 1
a: Triple Draw, Renounce Religion


You were on level 7 of the Dungeon.
You worshipped Nemelex Xobeh.
Nemelex Xobeh was most pleased with you.
You were not hungry.

You visited 1 branch of the dungeon, and saw 7 of its levels.

You collected 387 gold pieces.

Inventory:

Hand weapons
 a - a +2 scimitar of freezing (weapon)
 n - a +0 blowgun
 q - the +4 hammer "Muotwa" {venom, Contam rF+ Str+4 Dex-3 Stlth+}
   (You found it on level 4 of the Dungeon)

   It poisons the flesh of those it strikes.
   It affects your strength (+4).
   It affects your dexterity (-3).
   It protects you from fire.
   It causes magical contamination when unequipped.
   It makes you more stealthy.
 B - a +2 great sword of freezing
Missiles
 y - 8 poisoned needles
Armour
 b - a +0 leather armour (worn)
 f - a +1 pair of boots (worn)
 r - a +0 cloak
 x - a +0 pair of gloves (worn)
Jewellery
 g - an amulet of guardian spirit (around neck)
Magical devices
 w - a wand of magic darts (26)
Scrolls
 e - 2 scrolls of enchant weapon
 h - 2 scrolls of teleportation
 j - 2 scrolls of recharging
 k - 2 scrolls of remove curse
 A - 2 scrolls of identify
Potions
 i - 2 potions of brilliance
 l - a potion of flight
 o - 4 potions of haste
 s - a potion of might
 u - a potion of cure mutation {unknown}
Books
 c - a book of Battle

   Spells                             Type                      Level
   a - Infusion                       Charms                       1
   b - Shroud of Golubria             Charms/Translocation         2
   c - Song of Slaying                Charms                       2
   d - Spectral Weapon                Hexes/Charms                 3
   e - Regeneration                   Charms/Necromancy            3
Miscellaneous
 v - a plain deck of destruction {drawn: 5}
Comestibles
 d - 5 bread rations
 m - a slice of pizza
 p - 4 meat rations
 z - 5 beef jerkies


   Skills:
 - Level 7.0 Fighting
 * Level 14.3 Long Blades
 - Level 1.2 Armour
 - Level 1.1 Dodging
 - Level 1.3 Spellcasting
 - Level 2.0 Charms


You had 9 spell levels left.
You knew the following spells:

 Your Spells              Type           Power        Failure   Level  Hunger
a - Infusion              Chrm           ###...       1%          1    ##.....


Dungeon Overview and Level Annotations

Branches:
Dungeon (7/15)
 Temple: D:4-7

Altars:
Ashenzari
Cheibriados
Dithmenos
Gozag
Kikubaaqudgha
Nemelex Xobeh
Zin


Innate Abilities, Weirdness & Mutations

You reflexively headbutt those who attack you in melee.
You have a pair of horns on your head.
Your mind is acute. (Int +2)
Space occasionally distorts in your vicinity.


Message History

The orc throws a tomahawk.
The tomahawk closely misses you.
Unknown command.
Drink which item? (? for menu, Esc to quit)
Okay, then.
Read which item? (? for menu, Esc to quit)
Okay, then.
Wield which item (- for none, * to show all)? (? for menu, Esc to quit)
Okay, then.
Drink which item? (? for menu, Esc to quit)
It was a potion of brilliance.
You feel clever all of a sudden.
The orc throws a tomahawk.
The tomahawk hits you but does no damage.
The iguana bites you!
* * * LOW HITPOINT WARNING * * *
Drink which item? (? for menu, Esc to quit)
It was a potion of magic.
Magic courses through your body. The iguana bites you!
You die...
Your body disappears without a glow.

#.#...))....#.. #.#.#
#...........#.## ####.#.########
#######...............h.....h....
#..)........#.## #.#..#
#.##....###.#.#######.#h.######
#.#.....((.>....)lhhhzh.........
#.#.....###.#.#######z#..######
#.#.....# #.#h#######.#..#
#.#.##### #.#hhl@o..#.#..# #.#.#
#.#####).).†#..# #.#.#######.#
#.o...#..# #.#.......#.#
#oo.).#.l# #.#.......#.#
#.)...#... #.........# #.....#.
##......### #...o... #......#
#...... #......# ......


You could see an iguana, an orc priest, an orc wizard, 3 orcs and 3 jackals.

Vanquished Creatures
  Pikel (D:4)
  The ghost of hornqvist the Basher, an experienced NaFi of Cheibriados (D:6)
  Prince Ribbit (D:4)
  Edmund (D:5)
  2 phantoms
  2 sky beasts
  A centaur (D:4)
  3 ogres
  2 giant frogs (D:7)
  7 wights
  A centaur zombie (D:6)
  2 giant frog zombies (D:5)
  2 orc priests
  Crazy Yiuf (D:4)
  2 giant frog skeletons (D:6)
  5 hounds
  6 orc wizards
  3 worker ants
  A sheep (D:3)
  A worker ant zombie (D:5)
  6 gnolls (D:2)
  4 adders
  5 worms
  3 giant mites
  2 adder skeletons
  7 giant geckos
  An ooze (D:2)
  28 orcs
  2 ball pythons
  7 giant cockroaches
  7 hobgoblins
  8 jackals
  4 quokkas
  9 bats
  9 giant newts
  12 goblins
  2 jackal skeletons
  12 kobolds
  2 quokka zombies (D:6)
  12 rats
  A fungus (D:4)
188 creatures vanquished.

Vanquished Creatures (collateral kills)
  A centaur (D:7)
  A wight (D:7)
2 creatures vanquished.

Vanquished Creatures (others)
  An air elemental (D:7)
  2 slaves (D:4)
  A worker ant (D:4)
  A giant mite (D:4)
  A ball python (D:4)
  A hobgoblin (D:4)
7 creatures vanquished.

Grand Total: 197 creatures vanquished

Notes
Turn   | Place    | Note
--------------------------------------------------------------
     0 | D:1      | Monkaria, the Minotaur Skald, began the quest for the Orb.
     0 | D:1      | Reached XP level 1. HP: 18/18 MP: 2/2
   267 | D:1      | Reached skill level 3 in Long Blades
   269 | D:1      | Reached XP level 2. HP: 25/25 MP: 2/2
   279 | D:1      | Found a sparkling altar of Nemelex Xobeh.
   283 | D:1      | Became a worshipper of Nemelex Xobeh the Trickster
   659 | D:2      | Found a shattered altar of Ashenzari.
   659 | D:2      | Received a gift from Nemelex Xobeh
   753 | D:2      | Reached XP level 3. HP: 31/31 MP: 3/3
   815 | D:2      | Reached skill level 4 in Long Blades
  1120 | D:2      | Reached XP level 4. HP: 35/40 MP: 4/4
  1465 | D:2      | Reached skill level 5 in Long Blades
  1564 | D:2      | Found an ancient bone altar of Kikubaaqudgha.
  1565 | D:2      | Found a snail-covered altar of Cheibriados.
  1570 | D:2      | Found a shadowy altar of Dithmenos.
  1792 | D:2      | Reached XP level 5. HP: 46/46 MP: 4/4
  2225 | D:3      | Received a gift from Nemelex Xobeh
  2626 | D:3      | Noticed an ogre
  2626 | D:3      | Reached skill level 5 in Fighting
  2629 | D:3      | Reached skill level 6 in Long Blades
  2629 | D:3      | Reached XP level 6. HP: 46/56 MP: 5/5
  2633 | D:3      | Killed an ogre
  3015 | D:4      | Reached skill level 7 in Long Blades
  3367 | D:4      | Reached XP level 7. HP: 27/62 MP: 3/6
  3773 | D:4      | Noticed Pikel
  3784 | D:4      | Killed Pikel
  3784 | D:4      | Reached skill level 9 in Long Blades
  3784 | D:4      | Reached XP level 8. HP: 59/71 MP: 3/6
  4064 | D:4      | Received a gift from Nemelex Xobeh
  4086 | D:4      | Reached skill level 10 in Long Blades
  4290 | D:4      | Noticed Prince Ribbit
  4299 | D:4      | Killed Prince Ribbit
  4319 | D:4      | Found an opulent altar of Gozag.
  4319 | D:4      | Found a glowing silver altar of Zin.
  4350 | D:4      | Reached skill level 11 in Long Blades
  4559 | D:4      | Noticed Crazy Yiuf
  4564 | D:4      | Killed Crazy Yiuf
  4568 | D:4      | Got a steaming hammer
  4696 | D:4      | Identified the +4 hammer "Muotwa" {venom, Contam rF+ Str+4 Dex-3 Stlth+} (You found it on level 4 of the Dungeon)
  4714 | D:4      | Gained mutation: Space occasionally distorts in your vicinity. [mutagenic glow]
  4792 | D:5      | Entered Level 5 of the Dungeon
  5032 | D:5      | Noticed Edmund
  5040 | D:5      | Killed Edmund
  5565 | D:5      | Reached skill level 12 in Long Blades
  5662 | D:6      | Received a gift from Nemelex Xobeh
  5720 | D:6      | Gained mutation: Your mind is acute. (Int +2) [mutagenic meat]
  5736 | D:6      | Acquired Nemelex Xobeh's first power
  5737 | D:6      | Reached XP level 9. HP: 74/79 MP: 7/7
  5892 | D:6      | Noticed hornqvist's ghost (experienced NaFi)
  5909 | D:6      | Killed hornqvist's ghost
  5909 | D:6      | Reached skill level 13 in Long Blades
  6456 | D:7      | Reached skill level 14 in Long Blades
  6474 | D:7      | HP: 2/79 [iguana (7)]
  6475 | D:7      | Slain by an iguana

Action                   |  1- 3 |  4- 6 |  7- 9 || total
-------------------------+-------+-------+-------++-------
Melee: Falchion          |    87 |   197 |    58 ||   342
       Scimitar          |       |       |   163 ||   163
Evoke: Deck              |       |     9 |    12 ||    21
       Wand              |       |       |     1 ||     1
  Use: Scroll            |       |       |    14 ||    14
       Potion            |       |       |     2 ||     2
  Eat: Chunk             |     1 |     6 |    12 ||    19
